 Dungeon Crawl Stone Soup version 0.28-a0-1567-g1695149f81 (webtiles) character file.

Game seed: 7190310036455505963

654 belegose the Skirmisher (level 7, -5/61 HPs)
             Began as a Black Draconian Abyssal Knight on Jan 20, 2022.
             Was a Priest of Lugonu.
             Slain by Grinder (6 damage)
             ... while paralysed by Grinder
             ... on level 4 of the Dungeon.
             The game lasted 00:10:55 (5633 turns).

belegose the Skirmisher (DrAK)                      Turns: 5633, Time: 00:10:55

Health: -5/61      AC:  7    Str: 16    XL:     7   Next: 29%
Magic:  10/10      EV:  2    Int: 12    God:    Lugonu [***...]
Gold:   153        SH:  0    Dex: 11    Spells: 6/6 levels left

rFire   . . .      SeeInvis .   l - +0 long sword
rCold   . . .      Faith    .   (no shield)
rNeg    . . .      Spirit   .   (armour unavailable)
rPois   .          Reflect  .   (helmet restricted)
rElec   +          Harm     .   (no cloak)
rCorr   .          Rampage  .   (no gloves)
Will    .....                   k - +0 pair of boots
Stlth   ++........              (no amulet)
HPRegen 0.20/turn               q - +4 ring of evasion
MPRegen 0.12/turn               (no ring)

@: paralysed
A: breathe lightning, AC +6, unfitting armour, electricity resistance,
cold-blooded
a: Breathe Lightning, Renounce Religion, Depart the Abyss, Bend Space, Banish


You were on level 4 of the Dungeon.
You worshipped Lugonu.
Lugonu was most pleased with you.
You visited 1 branch of the dungeon, and saw 4 of its levels.
You visited the Abyss 1 time.

You collected 153 gold pieces.

Inventory:

Hand Weapons
 l - a +0 long sword (weapon)
 n - a +2 mace of protection
Missiles
 f - 187 stones (quivered)
 m - 3 boomerangs
Armour
 k - a +0 pair of boots (worn)
Jewellery
 q - a +4 ring of evasion (left hand)
 r - a ring of flight
Wands
 o - a wand of flame (9)
Scrolls
 a - 2 scrolls of fear {unknown}
 b - a scroll of identify {unknown}
 c - a scroll of amnesia {unknown}
 e - a scroll of enchant armour {unknown}
 g - a scroll of silence {unknown}
 i - 2 scrolls of magic mapping {unknown}
Potions
 d - 2 potions of curing {unknown}
 h - 2 potions of might {unknown}
 j - a potion of attraction {unknown}
 p - a potion of lignification {unknown}


   Skills:
 + Level 5.1 Fighting
 + Level 3.9 Long Blades
 + Level 3.8 Dodging
 + Level 3.3 Stealth
 + Level 4.2 Invocations


You had 6 spell levels left.
You didn't know any spells.
Your spell library contained the following spells:

 Spells                   Type           Power      Damage    Failure   Level
 Freeze                   Ice            0%         1d3       32%         1
 Frozen Ramparts          Ice            0%         1d2       69%         3
 Hailstorm                Conj/Ice       0%         3d3       97%         4


Dungeon Overview and Level Annotations

Branches:
Dungeon (4/15)
 Temple: D:4-7

Altars:
Ashenzari
Yredelemnul
Zin
The Shining One

Shops:
D:1 =

Annotations:
D:4 1 runed translucent door, Grinder


Innate Abilities, Weirdness & Mutations

You can breathe wild blasts of lightning.
Your glossy black scales are hard. (AC +6)
You cannot fit into any form of body armour.
You are resistant to electric shocks. (rElec)
You are cold-blooded and may be slowed by cold attacks.


Message History

* * * LOW HITPOINT WARNING * * *
You writhe in agony.
* * * LOW HITPOINT WARNING * * *
You closely miss Grinder.
Grinder is severely wounded.
Grinder closely misses you. Grinder barely misses you.
Evoke which item? (* to show all) (? for menu, Esc to quit)
You don't have any such object.
Evoke which item? (* to show all) (? for menu, Esc to quit)
Aiming: Throw Flame
Press: ? - help, Shift-Dir - straight line, f - Grinder
Aim: Grinder (severely wounded, fast, 64% to hit)
The puff of flame hits Grinder.
Grinder is severely wounded.
Grinder closely misses you. Grinder hits you!
* * * LOW HITPOINT WARNING * * *
You writhe in agony.
* * * LOW HITPOINT WARNING * * *
Unknown command.
Grinder gestures at you.
You struggle to resist.
Throw: 188 stones
Press: ? - help, Q - select action, (/) - cycle Shift-Dir - straight line, f/p - Grinder
Aim: Grinder (severely wounded, fast, 53% to hit)
You throw a stone.
The stone hits Grinder but does no damage.
Grinder is severely wounded.
Grinder gestures at you.
You suddenly lose the ability to move!
Grinder gestures at you.
You shrug off the repeated paralysis!
Grinder gestures at you. You resist with significant effort. Grinder hits you!
* * * LOW HITPOINT WARNING * * *
Grinder hits you but does no damage. Grinder hits you.
* * * LOW HITPOINT WARNING * * *
You writhe in agony.
You die...

#.#
#.#..##########........####.#
#.# #.#...##### #...#####......#
#.# #.#.......# #...# #.###..#
### ###...###.# #...# #.......
##..# #.####...# #.###..#
...##.# #........#####.# #..#
.....### ######.........###†.#
.......#########..####.........
.........##..)5@........#####..#
...........#.#####.#.##### #..#
...........#.# #.#.# #..#
..⌠.......#.# #.#.########...#
#$.......'.# #.............##
.##(.......'.# ###..r##### .##
⌠..⌠.......### ###.# #.
...........# ##### #.#
...........# #...###.######


You could see Grinder (fast).

Vanquished Creatures
  Menkaure (D:4)
  A black bear (D:4)
  A phantom (D:4)
  A centaur skeleton (D:4)
  2 hounds (D:4)
  A human zombie (D:4)
  Ijyb (D:3)
  An orc wizard (D:3)
  A hound skeleton (D:4)
  Robin (D:2)
  5 adders
  An adder skeleton (D:2)
  2 worms (D:2)
  4 dart slugs
  15 orcs
  2 bats
  2 endoplasms
  2 giant cockroaches (D:2)
  14 goblins
  11 hobgoblins
  7 jackals
  6 quokkas
  3 ball pythons
  2 frilled lizards
  7 kobolds
  A kobold skeleton (D:4)
  6 rats
101 creatures vanquished.

Notes
Turn   | Place    | Note
-------+----------+-------------------------------------------
     0 | Abyss:1  | belegose the Draconian Abyssal Knight began the quest for
                  | the Orb.
     0 | Abyss:1  | Reached XP level 1. HP: 19/19 MP: 2/2
    51 | Abyss:2  | Noticed a starcursed mass
    53 | D:1      | Escaped the Abyss
    91 | D:1      | Found a faded altar of an unknown god.
   311 | D:1      | Reached * piety under Lugonu
   312 | D:1      | Reached XP level 2. HP: 20/26 MP: 3/3
   954 | D:1      | Found Notatos's Jewellery Shop.
  1012 | D:1      | Reached skill level 1 in Stealth
  1344 | D:2      | Reached XP level 3. HP: 26/31 MP: 4/4
  2448 | D:2      | Reached XP level 4. HP: 37/40 MP: 5/5
  2710 | D:3      | Noticed Ijyb
  2809 | D:3      | Killed Ijyb
  2809 | D:3      | Reached ** piety under Lugonu
  3087 | D:3      | Reached skill level 4 in Fighting
  3262 | D:3      | Noticed an ogre
  3589 | D:3      | Found a glowing golden altar of the Shining One.
  3594 | D:3      | Found a broken altar of Ashenzari.
  3598 | D:3      | Found a glowing silver altar of Zin.
  3819 | D:3      | Reached XP level 5. HP: 38/46 MP: 7/7
  3963 | D:3      | Noticed Robin
  4233 | D:2      | Killed Robin
  4457 | D:4      | Noticed a human
  4457 | D:4      | Found a runed translucent door.
  4544 | D:4      | Noticed Menkaure
  4555 | D:4      | Killed Menkaure
  4556 | D:4      | Reached XP level 6. HP: 53/53 MP: 8/8
  4765 | D:4      | Found a basalt altar of Yredelemnul.
  5021 | D:4      | Reached *** piety under Lugonu
  5201 | D:4      | Your scales start taking on a glossy black colour.
  5201 | D:4      | Reached XP level 7. HP: 23/60 MP: 8/10
  5201 | D:4      | Gained mutation: You are resistant to electric shocks.
                  | (rElec) [Black Draconian growth]
  5417 | D:4      | Noticed Grinder
  5508 | D:4      | Reached skill level 5 in Fighting
  5617 | D:4      | Paralysed by Grinder for 3 turns
  5622 | D:4      | Paralysed by Grinder for 3 turns
  5630 | D:4      | Paralysed by Grinder for 6 turns
  5632 | D:4      | HP: 1/61 [Grinder (7)]
  5633 | D:4      | Slain by Grinder

Illustrated notes

Levels and vault maps discovered:
D:1:      roderic_chinese_lattice_arrival, layout_basic, serial_shops,
          nicolae_shop_crystal, hellmonk_ecumenical_altar_blasted
D:2:      layout_basic
D:3:      layout_basic, grunt_temple_overflow_diamond, uniq_robin, uniq_ijyb
D:4:      kennysheep_big_flooded_room, layout_loops_ring, dk_yredelemnul_ordeal,
          roderic_serpentine_path, uniq_menkaure, uniq_grinder

Skill      XL: |  1  2  3  4  5  6  7 |
---------------+----------------------+-----
Stealth        | 1 2 3 |  3.3
Fighting       | 4 5 |  5.1
Invocations    | 3 4 |  4.2
Dodging        | 3 |  3.8
Long Blades    | 3 |  3.9

Action                   |  1- 3 |  4- 6 |  7- 9 || total
-------------------------+-------+-------+-------++-------
Melee: Falchion          |   124 |       |       ||   124
       Tailslap          |    20 |    30 |     9 ||    59
       Punch             |     3 |     4 |       ||     7
       Long sword        |    22 |   240 |    48 ||   310
Throw: Stone             |     4 |       |     1 ||     5
Invok: Depart the Abyss  |     1 |       |       ||     1
 Abil: Breathe Lightning |       |       |     3 ||     3
Evoke: Wand              |       |     5 |     1 ||     6
 Stab: Sleeping          |     2 |     4 |       ||     6
Armor: Skin              |    43 |    79 |    27 ||   149
Dodge: Dodged            |    98 |   200 |    63 ||   361

Table legend: (Time is in decaauts)
 A = Elapsed time spent in this place.
 B = Non-inter-level travel time spent in this place.
 C = Inter-level travel time spent in this place.
 D = Time resting spent in this place.
 E = Time spent auto-exploring this place.
 F = Levels seen in this place.
 G = Mean time per level.
                   A        B        C        D        E       F      G
               +--------+--------+--------+--------+--------+-----+--------+
         Total |   5754 |   5303 |    451 |    815 |   2938 |   6 |  959.0 |
       Dungeon |   5701 |   5250 |    451 |    815 |   2938 |   4 | 1425.2 |
         Abyss |     52 |     52 |      0 |      0 |      0 |   2 |   26.0 |
               +--------+--------+--------+--------+--------+-----+--------+

Top non-repeatable levels by time:
     D:2: 1794 daAuts
     D:3: 1431 daAuts
     D:1: 1374 daAuts
     D:4: 1101 daAuts
 Abyss:2: 27 daAuts
 Abyss:1: 25 daAuts
